 Dungeon Crawl Stone Soup version 0.22-a0-367-gb72a975 (webtiles) character file.

37 dstrtnsr the Chiller (level 3, -3/28 HPs)
             Began as a Centaur Ice Elementalist on Apr 22, 2018.
             Slain by a centaur skeleton (4 damage)
             ... on level 2 of the Dungeon.
             The game lasted 00:05:27 (761 turns).

dstrtnsr the Chiller (Centaur Ice Elementalist)      Turns: 761, Time: 00:05:27

Health: -3/28      AC:  4    Str: 10    XL:     3   Next: 23%
Magic:  3/5        EV:  9    Int: 15    God:
Gold:   72         SH:  0    Dex:  9    Spells: 4/5 levels left

rFire    . . .     SeeInvis .     - Unarmed
rCold    . . .     Gourm    .   (no shield)
rNeg     . . .     Faith    .   a - +0 robe
rPois    .         Spirit   .   (no helmet)
rElec    .         Reflect  .   (no cloak)
rCorr    .         Harm     .   (no gloves)
MR       .....                  (no barding)
Stlth    +.........             (no amulet)
HPRegen  0.09/turn              (no ring)
MPRegen  0.09/turn              (no ring)

@: very quick
A: large, hooves 3, deformed body, speed 2, tough skin 3
a: no special abilities


You were on level 2 of the Dungeon.
You were not hungry.

You visited 1 branch of the dungeon, and saw 2 of its levels.

You collected 72 gold pieces.

Inventory:

Missiles
 d - 9 stones (quivered)
Armour
 a - a +0 robe (worn)
 f - a cursed +0 leather armour
 g - a +0 plate armour
Scrolls
 e - 2 scrolls of remove curse
 h - a scroll of teleportation {!d}
Potions
 b - a potion of mutation {unknown}
Comestibles
 c - 2 rations {!d}


   Skills:
 + Level 1.2 Fighting
 - Level 1.3 Dodging
 - Level 1.1 Stealth
 * Level 2.1 Unarmed Combat
 - Level 1.5 Spellcasting
   Level 0.8 Conjurations
 - Level 3.0 Ice Magic


You had 4 spell levels left.
You knew the following spells:

 Your Spells              Type           Power        Failure   Level  Hunger
a - Freeze                Ice            ##..         7%          1    ##.....


Dungeon Overview and Level Annotations

Branches:
Dungeon (2/15)

Altars:

Annotations:
D:2 Terence


Innate Abilities, Weirdness & Mutations

You have hooves in place of feet.
Armour fits poorly on your strangely shaped body.
You cover ground very quickly.
You have extremely tough skin. (AC +3)


Message History

The bat is moderately wounded.
The bat hits you.
* * * LOW HITPOINT WARNING * * *
Damage: -5%(-1hp) hp: 35%(8hp)
The bat hits you but does no damage.
Unknown command.
The bat barely misses you. The frilled lizard barely misses you.
You see here 9 gold pieces.
There is a stone staircase leading up here.
The bat hits you but does no damage. The frilled lizard closely misses you.
You climb upwards.
There is a stone staircase leading down here.
Unknown command.
Unknown command.
You hit the bat.
You kill the bat!
You have reached level 3!
Your experience leads to an increase in your attributes!
Increase (S)trength, (I)ntelligence, or (D)exterity?
You feel clever.
The frilled lizard bites you but does no damage.
Unknown command.
You barely miss the frilled lizard. Your kick misses the frilled lizard.
The frilled lizard barely misses you.
You hit the frilled lizard.
You kill the frilled lizard!
You see here a rat skeleton.
There is a stone staircase leading down here.
You climb downwards.
Level annotation: Terence
There is a stone staircase leading up, spattered with blood here.
Unknown command.
Unknown command.
The leopard gecko hisses angrily.
Unknown command.
Casting: Freeze (safe; 7% risk of failure)
Confirm with . or Enter, or press ? or * to list all spells.
Aiming: Freeze (safe; 7% risk of failure)
Press: ? - help, Shift-Dir - straight line, f - leopard gecko
Aim: a leopard gecko (clinging)
You freeze the leopard gecko.
You kill the leopard gecko!
The dart slug launches a dart at you. The slug dart hits you!
* * * LOW HITPOINT WARNING * * *
Damage: -7%(-2hp) hp: 40%(11hp) Unknown command.
You hit the dart slug.
You kill the dart slug!
Your Unarmed Combat skill increases to level 2!
You see here a leopard gecko corpse.
Unknown command.
The quokka completely misses you.
Casting: Freeze (safe; 7% risk of failure)
Confirm with . or Enter, or press ? or * to list all spells.
Aiming: Freeze (safe; 7% risk of failure)
Press: ? - help, Shift-Dir - straight line, f - quokka
Aim: a quokka You freeze the quokka.
You kill the quokka!
Terence shouts!
Unknown command.
The bat hits you.
* * * LOW HITPOINT WARNING * * *
Damage: -4%(-1hp) hp: 43%(12hp)
Casting: Freeze (safe; 7% risk of failure)
Confirm with . or Enter, or press ? or * to list all spells.
Aiming: Freeze (safe; 7% risk of failure)
Press: ? - help, Shift-Dir - straight line, f - bat
Aim: a bat You freeze the bat.
You kill the bat!
A giant cockroach comes into view.
Found 15 gold pieces.
You see here 15 gold pieces.
You now have 72 gold pieces (gained 15).
A centaur skeleton comes into view.
Unknown command.
Unknown command.
The centaur skeleton hits you!
* * * LOW HITPOINT WARNING * * *
Huge Dmg: -25%(-7hp) hp: 22%(6hp) Unknown command.
You hit the centaur skeleton. You kick the centaur skeleton!
The centaur skeleton is moderately damaged.
The centaur skeleton hits you.
* * * LOW HITPOINT WARNING * * *
Huge Dmg: -18%(-5hp) hp: 4%(1hp)
You hit the centaur skeleton.
The centaur skeleton is moderately damaged.
The centaur skeleton closely misses you.
Unknown command.
You hit the centaur skeleton. You kick the centaur skeleton!
The centaur skeleton is severely damaged.
The centaur skeleton closely misses you. x2
Unknown command.
You hit the centaur skeleton.
The centaur skeleton is almost destroyed.
The centaur skeleton hits you.
You die...

##.......#.#
.........#.#
.#.........
.#.......###
##....>....#
######@#.# ####
#......#.# ..#
...@####.# #.##
.........# #@.####
...#####.########Z...#
...# #..@........#.#
...# ###########.....#
...# ###..# ...# ##
...# .


You could see a centaur skeleton.

Vanquished Creatures
  An adder (D:2)
  A worm (D:1)
  A dart slug (D:2)
  2 leopard geckos
  4 bats
  A goblin (D:2)
  3 hobgoblins
  A kobold (D:2)
  A quokka (D:2)
  A ball python (D:2)
  A frilled lizard (D:1)
  4 rats
21 creatures vanquished.

Notes
Turn   | Place    | Note
-------+----------+-------------------------------------------
     0 | D:1      | dstrtnsr the Centaur Ice Elementalist began the quest for the Orb.
     0 | D:1      | Reached XP level 1. HP: 14/14 MP: 3/3
   188 | D:1      | Reached skill level 1 in Unarmed Combat
   200 | D:1      | Reached XP level 2. HP: 10/22 MP: 0/4
   359 | D:2      | HP: 6/22 [hobgoblin (5)]
   478 | D:2      | Noticed Terence
   596 | D:2      | Reached skill level 1 in Fighting
   596 | D:2      | Reached skill level 3 in Ice Magic
   640 | D:2      | HP: 9/23 [gnoll/stone (6)]
   663 | D:2      | HP: 9/23 [bat (1)]
   668 | D:2      | HP: 8/23 [bat (1)]
   674 | D:1      | Reached XP level 3. HP: 10/28 MP: 0/5
   713 | D:2      | HP: 11/28 [dart slug/slug dart (2)]
   756 | D:2      | HP: 6/28 [centaur skeleton (7)]
   758 | D:2      | HP: 1/28 [centaur skeleton (5)]
   761 | D:2      | Slain by a centaur skeleton

Vault maps used:
D:1:      lordsloth_arrival_two_stooges
D:2:      chequers_ecumenical_altar_grove, uniq_robin, uniq_terence

Skill      XL: |  1  2  3 |
---------------+----------+-----
Unarmed Combat | 1 2 |  2.1
Fighting       | 1 |  1.2
Ice Magic      | 3 |  3.0
Dodging        | |  1.3
Stealth        | |  1.1
Spellcasting   | |  1.5
Conjurations   | |  0.8

Action                   || total
-------------------------++-------
Melee: Unarmed           ||    32
       Kick              ||     6
 Cast: Freeze            ||    30
  Use: Scroll            ||     3
Armor: Robe              ||    21
Dodge: Dodged            ||    32

Table legend:
 A = Spawn XP
 B = Non-spawn XP
 C = Spawn XP percentage of total XP
 D = Spawn monster count
 E = Non-spawn monster count
 F = Spawn count percentage of total count
 G = Total turns spent on level
                    A         B        C        D         E        F      G
               +---------+---------+-------+---------+---------+-------+---------
         Total |       0 |      54 |   0.0 |       0 |      21 |   0.0 |   761
               +---------+---------+-------+---------+---------+-------+---------
           D:1 |       0 |      21 |   0.0 |       0 |      10 |   0.0 |   505
           D:2 |       0 |      33 |   0.0 |       0 |      11 |   0.0 |   256
               +---------+---------+-------+---------+---------+-------+---------
